Map: Year Zero LE

Players

Astrea - Winner!

  • Race: Protoss Protoss
  • League: Grandmaster
  • Spawn Location: 11:00

Probe

  • Race: Protoss Protoss
  • League: Master
  • Spawn Location: 1:00

Event: 2019 WCS Winter Americas

VOD

Have the link to the VOD?

Description

Time

  • Played on: March 24, 2019, 12:06 p.m.
  • Length: 12:56

All games in this series

Show
View Real Time Build Order
Export as new Build Order

Astrea Protoss - Winner!

Build Orders:  

Get SALT Encoding   

  12  0:00  Probe  
  13  0:13  Probe  
  14  0:21  Pylon  
  14  0:25  Probe  
  15  0:35  Probe  
  15  0:39  Gateway  
  16  0:43  Probe  
  16  0:48  Assimilator  
  17  0:52  Probe  
  18  0:57  Assimilator  
  18  1:00  Probe  
  18  1:08  Probe, Pylon  
  20  1:20  Probe  
  21  1:27  Cybernetics Core  
  21  1:32  Probe  
  22  1:44  Probe  
  23  1:56  Probe  
  24  2:02  Adept  
  24  2:05  Stargate, Warp Gate  
  26  2:08  Probe  
  27  2:20  Probe  
  28  2:26  Pylon  
  28  2:37  Robotics Facility  
  28  2:45  Void Ray  
  31  3:21  Void Ray  
  31  3:30  Immortal  
  31  3:32  Pylon  
  38  3:47  Nexus  
  38  3:54  Stalker  
  40  4:08  Oracle  
  43  4:12  Probe, Warp Prism  
  44  4:24  Probe  
  47  4:30  Pylon  
  47  4:43  Gateway  
  47  4:48  Probe  
  44  5:00  Probe  
  44  5:02  Probe  
  44  5:12  Probe  
  44  5:14  Probe  
  46  5:21  Adept  
  46  5:22  Probe  
  46  5:23  Probe  
  46  5:26  Oracle  
  46  5:28  Robotics Bay  
  53  5:30  Probe  
  53  5:31  Probe  
  55  5:39  Probe  
  55  5:40  Probe  
  55  5:46  Observer, Pylon  
  58  5:51  Probe  
  58  5:52  Probe  
  60  6:04  Assimilator, Probe x2  
  61  6:06  Disruptor  
  61  6:07  Assimilator, Twilight Council  
  62  6:16  Probe x2  
  67  6:28  Probe x2  
  67  6:30  Pylon  
  67  6:31  Pylon  
  69  6:37  Disruptor  
  72  6:49  Probe  
  73  7:02  Gateway  
  73  7:03  Disruptor  
  73  7:05  Gateway  
  73  7:06  Stalker x2  
  77  7:09  Gateway  
  77  7:12  Gateway  
  80  7:19  Gateway  
  80  7:20  Pylon  
  80  7:26  Pylon  
  80  7:37  Stalker x2  
  80  7:42  Pylon  
  80  7:44  Pylon  
  84  7:46  Disruptor  
  84  7:48  Pylon  
  81  7:59  Stalker  
  81  8:00  Stalker  
  81  8:01  Stalker x2  
  86  8:08  Blink  
  86  8:22  Disruptor  
  86  8:23  Stalker x4  
  86  8:25  Stalker x2  
  86  8:26  Stalker  
  101  8:49  Gravitic Drive  
  101  8:55  Pylon  
  101  8:58  Forge  
  99  9:17  Stalker x4  
  99  9:18  Stalker x2  
  99  9:19  Warp Prism  
  108  9:45  Stalker x4  
  116  9:52  Protoss Ground Weapons Level 1  
  110  9:55  Pylon  
  110  10:03  Disruptor  
  110  10:06  Observer  
  113  10:07  Stalker x2  
  117  10:42  Stalker x7  
  85  11:25  Stalker x4  
  85  11:26  Stalker x3  
  85  11:32  Nexus, Disruptor  
  99  12:00  Stalker  
  99  12:01  Stalker x6  
  91  12:11  Stalker x6  
  91  12:12  Stalker  
  91  12:13  Warp Prism  
  107  12:16  Probe  
  107  12:17  Probe  
  109  12:37  Stalker x3  
Show
View Real Time Build Order
Export as new Build Order

Probe Protoss 

Build Orders:  

Get SALT Encoding   

  12  0:01  Probe  
  13  0:13  Probe  
  14  0:18  Pylon  
  14  0:24  Probe  
  15  0:32  Probe  
  15  0:38  Gateway  
  15  0:41  Probe  
  16  0:47  Assimilator  
  17  0:51  Probe  
  18  0:57  Assimilator  
  18  0:59  Probe  
  19  1:07  Probe  
  20  1:14  Gateway  
  20  1:17  Probe  
  21  1:26  Cybernetics Core  
  21  1:30  Probe  
  22  1:38  Pylon  
  22  1:42  Probe  
  23  1:54  Warp Gate  
  23  1:56  Probe  
  24  2:03  Adept x2  
  28  2:08  Probe  
  28  2:14  Pylon  
  29  2:33  Stalker x2  
  33  2:43  Probe, Shield Battery  
  33  3:06  Nexus  
  33  3:11  Shield Battery  
  33  3:18  Probe  
  34  3:26  Pylon  
  34  3:36  Probe  
  34  3:39  Twilight Council  
  35  3:45  Sentry x2  
  35  3:46  Forge, Probe  
  40  3:56  Probe  
  41  4:04  Protoss Ground Weapons Level 1  
  41  4:07  Shield Battery  
  41  4:08  Probe  
  42  4:11  Stalker  
  44  4:18  Probe  
  44  4:20  Probe  
  47  4:32  Probe  
  47  4:38  Sentry, Shield Battery  
  45  4:39  Shield Battery  
  45  4:40  Sentry, Shield Battery  
  45  4:58  Gateway  
  43  5:05  Stalker  
  43  5:06  Stalker  
  45  5:09  Probe  
  45  5:10  Probe  
  45  5:11  Blink  
  46  5:22  Probe x2  
  48  5:34  Sentry  
  48  5:35  Stalker  
  52  5:36  Pylon  
  52  5:39  Probe x2, Protoss Ground Weapons Level 2  
  54  5:52  Stalker, Pylon  
  54  5:55  Probe  
  54  5:56  Probe  
  58  6:00  Stalker  
  58  6:03  Pylon  
  60  6:08  Probe  
  61  6:15  Stalker  
  61  6:18  Gateway  
  63  6:20  Probe x2  
  63  6:23  Stalker  
  67  6:27  Assimilator  
  67  6:29  Stalker  
  69  6:36  Probe x2  
  64  6:51  Probe x2  
  64  6:53  Stalker  
  64  6:54  Stalker  
  70  7:04  Probe  
  70  7:05  Probe  
  70  7:07  Stalker  
  74  7:14  Photon Cannon, Pylon  
  74  7:22  Stalker x2  
  78  7:30  Stalker  
  78  7:35  Gateway  
  78  7:36  Gateway  
  80  7:39  Assimilator  
  80  7:40  Probe x2  
  82  7:46  Stalker  
  82  7:47  Stalker  
  86  8:03  Stalker  
  86  8:04  Stalker  
  90  8:08  Probe  
  90  8:09  Protoss Ground Weapons Level 3  
  91  8:14  Probe  
  91  8:17  Stalker  
  92  8:20  Probe  
  92  8:25  Pylon  
  92  8:26  Charge, Pylon  
  92  8:27  Probe  
  94  8:28  Pylon  
  94  8:37  Pylon  
  94  8:42  Probe  
  93  8:53  Gateway x2  
  93  9:09  Templar Archives  
  93  9:11  Nexus  
  93  9:24  Zealot x4  
  101  9:34  Zealot  
  101  9:35  Zealot  
  105  9:50  Zealot x5  
  113  9:55  High Templar x2  
  113  9:56  High Templar  
  119  10:02  Archon  
  119  10:12  Zealot x2, High Templar  
  125  10:17  Pylon  
  125  10:19  Pylon  
  125  10:20  Pylon  
  125  10:21  Archon  
  125  10:25  Stalker  
  125  10:26  Stalker  
  128  10:30  Zealot  
  130  10:36  Zealot  
  132  10:45  Zealot x3  
  128  11:02  Zealot  
  128  11:03  Zealot x3  
  98  11:07  Stalker  
  94  11:14  Stalker  
  86  11:25  High Templar x4  
  86  11:26  Zealot  
  86  11:30  Archon  
  86  11:32  Archon  
  94  11:33  Zealot  
  94  11:36  Robotics Facility  
  96  11:45  Zealot  
  98  11:49  Zealot  
  92  11:56  Zealot  
  92  11:57  Zealot  
  92  11:58  Zealot x3  
  82  12:10  High Templar x2  
  82  12:14  Archon  
  82  12:19  Stalker x4  
  90  12:26  Stalker  
  80  12:43  Zealot x3, Stalker x2  
  80  12:44  Stalker  
Tags
 
Add a new tag
Caveats
  • Supply blocks, unpowered buildings, or Contaminate may cause inaccurate times.
  • Supply counts are checked every 10 seconds.